 Dungeon Crawl Stone Soup version 0.21.1-1-g345015f (webtiles) character file.

77 inc the Magician (level 4, -15/27 HPs)
             Began as an Octopode Earth Elementalist on Apr 21, 2018.
             Demolished by a gnoll
             ... wielding a +2 whip of electrocution
              (20 damage)
             ... on level 2 of the Dungeon.
             The game lasted 00:01:39 (1649 turns).

inc the Magician (Octopode Earth Elementalist)      Turns: 1649, Time: 00:01:40

Health: -15/27     AC:  1    Str:  7    XL:     4   Next: 34%
Magic:  3/10       EV: 13    Int: 18    God:
Gold:   87         SH:  0    Dex: 12    Spells: 10/11 levels left

rFire    . . .     SeeInvis .   g - +0 short sword
rCold    . . .     Gourm    .   (no shield)
rNeg     . . .     Faith    .   (helmet restricted)
rPois    .         Spirit   .   (no amulet)
rElec    .         Reflect  .   (no ring)
rCorr    .         Harm     .   (no ring)
MR       .....                  (no ring)
Stlth    +++.......             (no ring)
HPRegen  0.09/turn              (no ring)
MPRegen  0.12/turn              (no ring)
                                (no ring)
                                (no ring)

@: no status effects
A: almost no armour, stealthy swim, amphibious, 8 rings, constrict 8, camouflage
1, gelatinous body 1
a: no special abilities


You were on level 2 of the Dungeon.
You were not hungry.

You visited 1 branch of the dungeon, and saw 2 of its levels.

You collected 87 gold pieces.

Inventory:

Hand Weapons
 g - a +0 short sword (weapon)
 i - a cursed -3 dagger
Missiles
 b - 25 stones (quivered)
Scrolls
 a - a scroll of blinking {unknown}
 e - a scroll of fog {unknown}
 h - a scroll of amnesia {unknown}
Potions
 f - 3 potions of curing {unknown}
Books
 d - a book of Geomancy

   Spells                             Type                      Level
   a - Sandblast                      Earth                        1
   b - Passwall                       Transmutation/Earth          2
   c - Stone Arrow                    Conjuration/Earth            3
   d - Petrify                        Transmutation/Earth          4
   e - Lee's Rapid Deconstruction     Earth                        5
Comestibles
 c - 3 rations


   Skills:
 - Level 2.0 Dodging
 - Level 2.6 Stealth
 + Level 4.1 Spellcasting
   Level 1.0 Transmutations
 - Level 3.0 Earth Magic


You had 10 spell levels left.
You knew the following spells:

 Your Spells              Type           Power        Failure   Level  Hunger
a - Sandblast             Erth           ##....       4%          1    None


Dungeon Overview and Level Annotations

Branches:
Dungeon (2/15)

Altars:


Innate Abilities, Weirdness & Mutations

You cannot wear most types of armour.
You are very stealthy in the water. (Stealth+)
You are amphibious.
You can wear up to eight rings at the same time.
You can use your tentacles to constrict eight enemies at once.
Your skin changes colour to match your surroundings (Stealth+).
Your rubbery body absorbs attacks. (AC +1, EV +1)


Message History

Casting: Sandblast
Confirm with . or Enter, or press ? or * to list all spells.
Aiming: Sandblast
Press: ? - help, Shift-Dir - straight line, f/p - gnoll
Aim: a gnoll, wielding a whip of electrocution The blast of sand misses the gnoll.
b - 26 stones The gnoll shouts!
Casting: Sandblast
Confirm with . or Enter, or press ? or * to list all spells.
Aiming: Sandblast
Press: ? - help, Shift-Dir - straight line, f/p - gnoll
Aim: a gnoll, wielding a whip of electrocution The blast of sand misses the gnoll.
b - 25 stones The gnoll hits you with a whip of electrocution.
* * * LOW HITPOINT WARNING * * *
You are electrocuted!
Ouch! That really hurt!
You die...

#.......# #.##.##.##.##
#.......# #.##.....#.##
###...##### #.#####..#.#.
#.g.#...# #.#####..#.#.
##..)#...# #........#...
.#$...g...###########.#...
.........)...)....##
#.....
......$...g........##
###...
..#.##......@........#
#... . #.
##........##.#..# #### #
....#.....##.#..#
###(.......##.#..#
#..####........# #..
........## ... ####...###
.. .#.#


You could see 3 gnolls.

Vanquished Creatures
  2 gnolls
  An adder (D:2)
  A howler monkey skeleton (D:2)
  An ooze (D:1)
  A worm (D:2)
  3 dart slugs (D:1)
  A giant cockroach (D:1)
  2 goblins (D:2)
  4 hobgoblins
  3 jackals (D:1)
  4 kobolds (D:1)
  2 bats (D:2)
  4 rats (D:1)
29 creatures vanquished.

Notes
Turn   | Place    | Note
-------+----------+-------------------------------------------
     0 | D:1      | inc the Octopode Earth Elementalist began the quest for the Orb.
     0 | D:1      | Reached XP level 1. HP: 11/11 MP: 3/3
   718 | D:1      | Reached XP level 2. HP: 17/17 MP: 3/5
   748 | D:1      | Reached skill level 3 in Spellcasting
   907 | D:1      | Reached XP level 3. HP: 20/21 MP: 7/7
  1578 | D:2      | Reached skill level 4 in Spellcasting
  1578 | D:2      | Reached XP level 4. HP: 20/27 MP: 6/10
  1649 | D:2      | Demolished by a gnoll

Skill      XL: |  1  2  3 |
---------------+----------+-----
Spellcasting   | 3 4 |  4.1
Dodging        | |  2.0
Stealth        | |  2.6
Transmutations | |  1.0
Earth Magic    | |  3.0

Action                   |  1- 3 |  4- 6 || total
-------------------------+-------+-------++-------
Melee: Unarmed           |    17 |       ||    17
       Constrict         |    14 |       ||    14
       Tentacles         |    15 |     1 ||    16
       Short sword       |    37 |     2 ||    39
 Cast: Sandblast         |     9 |     9 ||    18
 Stab: Sleeping          |    11 |       ||    11
  Eat: Chunk             |     2 |       ||     2
Armor: Skin              |     3 |       ||     3
Dodge: Dodged            |    35 |     1 ||    36
